 Dungeon Crawl Stone Soup version 0.22-a0-423-g4197694 (webtiles) character file.

156 iamserjio the Ducker (level 5, 0/25 HPs)
             Began as a Felid Monk on May 23, 2018.
             Slain by a jackal (3 damage)
             ... on level 5 of the Dungeon.
             The game lasted 00:10:08 (5610 turns).

iamserjio the Ducker (Felid Monk)                   Turns: 5610, Time: 00:10:09

Health: 0/25       AC:  1    Str:  8    XL:     5   Next: 14%
Magic:  6/6        EV: 22    Int: 15    God:
Gold:   218        SH:  0    Dex: 19    Spells: 4/4 levels left
                                        Lives:  0   Deaths: 1

rFire    . . .     SeeInvis +     - Unarmed
rCold    . . .     Gourm    .   (shield unavailable)
rNeg     . . .     Faith    .   (armour unavailable)
rPois    .         Spirit   .   (helmet unavailable)
rElec    .         Reflect  .   (cloak unavailable)
rCorr    .         Harm     .   (gloves unavailable)
MR       .....                  (boots unavailable)
Stlth    +++.......             (no amulet)
HPRegen  0.08/turn              m - +4 ring of intelligence
MPRegen  0.10/turn              (no ring)

@: quick
A: very small, no armour, no weapons or thrown items, stealth, claws 1, fangs 3,
see invisible, carnivore, speed 1, shaggy fur 1, slow metabolism 1, sharp paws
a: no special abilities


You were on level 5 of the Dungeon.
You were not hungry.

You visited 1 branch of the dungeon, and saw 6 of its levels.

You collected 218 gold pieces.

Inventory:

Jewellery
 m - a +4 ring of intelligence (left paw)
 r - an uncursed amulet of the gourmand
Wands
 s - a wand of iceblast (11)
Scrolls
 b - a scroll of blinking {unknown}
 d - 4 scrolls of remove curse
 e - a scroll of enchant armour {unknown}
 g - 5 scrolls of identify
 i - a scroll of amnesia {unknown}
 j - a scroll of enchant weapon
 k - a scroll of teleportation
 l - a scroll of immolation {unknown}
 o - a scroll of random uselessness {unknown}
Potions
 c - 3 potions of flight {unknown}
 f - 2 potions of degeneration {unknown}
 h - a potion of haste {unknown}
 n - a potion of mutation {unknown}
 p - a potion of curing {unknown}
 q - a potion of heal wounds {unknown}
Comestibles
 a - 8 rations


   Skills:
 + Level 3.8 Fighting
 * Level 5.8 Dodging
 + Level 4.2 Stealth
 * Level 4.4 Unarmed Combat


You had 4 spell levels left.
You didn't know any spells.
Your spell library was empty.

Dungeon Overview and Level Annotations

Branches:
Dungeon (6/15)
 Temple: D:4-7

Altars:
Ashenzari
Dithmenos
Fedhas
Hepliaklqana

Shops:
D:5 [

Annotations:
D:3 Soeti's ghost, amateur OpTm
D:4 Edmund; Menkaure; Pikel


Innate Abilities, Weirdness & Mutations

You cannot wear armour.
You are incapable of wielding weapons or throwing items.
Your paws allow you to move quietly. (Stealth)
You have sharp claws.
You have razor-sharp teeth.
You have supernaturally acute eyesight. (SInv)
You are carnivorous and can eat meat at any time.
You cover ground quickly.
You are covered in fur. (AC +1)
You have a slow metabolism.
Your sharp claws are effective at attacking unaware monsters.


Message History

The slave is moderately wounded.
Menkaure calls on the powers of darkness!
The adder convulses!
The slave convulses!
Your body is wracked with pain!
The slave convulses!
The slave hits you.
Menkaure calls on the powers of darkness!
The slave convulses!
The adder convulses!
The slave convulses!
Your body is wracked with pain!
* * * LOW HITPOINT WARNING * * *
Pikel convulses!
There is a stone staircase leading down here.
You climb downwards.
The jackal misses you.
A frilled lizard comes into view.
The jackal bites you.
* * * LOW HITPOINT WARNING * * *
The jackal bites you.
* * * LOW HITPOINT WARNING * * *
The frilled lizard moves out of view.
There is a stone staircase leading up here.
You closely miss the jackal. The jackal bites you.
You die...

........## ##..#*
.........###..###
......##........##
######*###.......##
##.........#
#..........# *****
#..........# ,,,,**
##.........# ,,,,,*
#......h@.# ,,,,,**
#.........# ,,,,,,*
#.........#
,,,,,,**#.#.......#
,,,,,,,...##......#
,,,,,,,..,*########
,,,,,,*,,,**
,,,,,,***,,*
**,,,,* **,*


You could see a jackal.

Vanquished Creatures
  A crimson imp (D:5)
  A jelly (D:5)
  2 worker ants
  3 adders
  2 oozes
  A worm (D:2)
  2 dart slugs
  A leopard gecko (D:3)
  2 orcs (D:5)
  2 ball pythons
  3 giant cockroaches
  6 goblins
  7 hobgoblins
  9 kobolds
  3 quokkas
  10 bats
  5 frilled lizards
  A jackal zombie (D:4)
  7 rats
68 creatures vanquished.

Notes
Turn   | Place    | Note
-------+----------+-------------------------------------------
     0 | D:1      | iamserjio the Felid Monk began the quest for the Orb.
     0 | D:1      | Reached XP level 1. HP: 10/10 MP: 2/2
   732 | D:1      | Reached XP level 2. HP: 13/14 MP: 3/3
  1561 | D:1      | Reached XP level 3. HP: 17/17 MP: 4/4
  2585 | D:2      | Reached skill level 5 in Dodging
  2658 | D:2      | Reached XP level 4. HP: 21/21 MP: 5/5
  3403 | D:3      | Noticed Soeti's ghost (amateur OpTm)
  3430 | D:3      | Found a shattered altar of Ashenzari.
  3437 | D:3      | Found a hazy altar of Hepliaklqana.
  3663 | D:3      | Found a shadowy altar of Dithmenos.
  4053 | D:4      | Noticed a slave
  4053 | D:4      | Noticed a phantom
  4487 | D:4      | Noticed a slave
  4487 | D:4      | Noticed a slave
  4489 | D:4      | Noticed Pikel
  4489 | D:4      | Noticed Menkaure
  4494 | D:4      | Noticed a slave
  4503 | D:4      | Noticed Edmund
  4535 | D:4      | Found a blossoming altar of Fedhas.
  4540 | D:5      | Entered Level 5 of the Dungeon
  4545 | D:5      | Noticed a sky beast
  4863 | D:5      | Noticed a phantom
  4887 | D:5      | HP: 1/21 [quokka (5)]
  4941 | D:5      | Noticed a sky beast
  4946 | D:5      | Slain by a hound
  4947 | D:5      | Reached XP level 3. HP: -1/17 MP: 4/4
  5066 | D:5      | Found Eqihifax's Armour Shop.
  5078 | D:5      | Reached XP level 4. HP: 22/22 MP: 5/5
  5437 | D:5      | Reached XP level 5. HP: 17/25 MP: 6/6
  5610 | D:5      | Slain by a jackal

Vault maps used:
D:1:      dpeg_arrival_windows_large_door, minmay_pentomino_r2
D:3:      nicolae_overflow_crystal_walls, grunt_temple_overflow_open,
          first_ration, minmay_crystal_water
D:4:      fedhas_altar_1, uniq_edmund, uniq_menkaure, uniq_pikel
D:5:      serial_shops, nicolae_shop_stone
D:6:      minivault_22, kennysheep_generic_room_6

Skill      XL: |  1  2  3  4 |
---------------+-------------+-----
Stealth        | 3 4 |  4.2
Dodging        | 5 |  5.8
Unarmed Combat | 4 |  4.4
Fighting       | |  3.8

Action                   |  1- 3 |  4- 6 || total
-------------------------+-------+-------++-------
Melee: Unarmed           |   125 |   110 ||   235
       Punch             |     1 |     5 ||     6
       Bite              |    12 |     9 ||    21
  Use: Scroll            |       |     7 ||     7
 Stab: Sleeping          |     7 |     9 ||    16
       Distracted        |     1 |     1 ||     2
  Eat: Chunk             |     5 |     4 ||     9
Armor: Skin              |    11 |     4 ||    15
Dodge: Dodged            |   112 |    75 ||   187

Table legend:
 A = Spawn XP
 B = Non-spawn XP
 C = Spawn XP percentage of total XP
 D = Spawn monster count
 E = Non-spawn monster count
 F = Spawn count percentage of total count
 G = Total turns spent on level
                    A         B        C        D         E        F      G
               +---------+---------+-------+---------+---------+-------+---------
         Total |       0 |     319 |   0.0 |       0 |      68 |   0.0 |  5610
               +---------+---------+-------+---------+---------+-------+---------
           D:1 |       0 |      49 |   0.0 |       0 |      27 |   0.0 |  1984
           D:2 |       0 |      67 |   0.0 |       0 |      21 |   0.0 |  1303
           D:3 |       0 |      30 |   0.0 |       0 |      11 |   0.0 |   734
           D:4 |       0 |      34 |   0.0 |       0 |       2 |   0.0 |   651
           D:5 |       0 |     139 |   0.0 |       0 |       7 |   0.0 |   775
               +---------+---------+-------+---------+---------+-------+---------
